 Dungeon Crawl Stone Soup version 0.28-a0-589-g333b8329f1 (webtiles) character file.

Game seed: 13668815165486220526

112 iamoutofideas the Chopper (level 4, -2/37 HPs)
             Began as a Hill Orc Gladiator on Oct 4, 2021.
             Slain by a gnoll (7 damage)
             ... on level 3 of the Dungeon.
             The game lasted 00:01:44 (1701 turns).

iamoutofideas the Chopper (Hill Orc Gladiator)      Turns: 1701, Time: 00:01:44

Health: -2/37      AC:  7    Str: 17    XL:     4   Next: 93%
Magic:  4/4        EV: 11    Int:  8    God:
Gold:   55         SH:  0    Dex: 12    Spells: 3/3 levels left

rFire   . . .      SeeInvis .   a - +0 war axe
rCold   . . .      Faith    .   (no shield)
rNeg    . . .      Spirit   .   m - +0 ring mail
rPois   .          Reflect  .   c - +0 helmet
rElec   .          Harm     .   (no cloak)
rCorr   .          Rampage  .   (no gloves)
Will    .....                   f - +0 pair of boots
Stlth   +.........              (no amulet)
HPRegen 0.12/turn               (no ring)
MPRegen 0.09/turn               (no ring)

@: no status effects
A: no striking features
a: no special abilities


You were on level 3 of the Dungeon.
You visited 1 branch of the dungeon, and saw 3 of its levels.

You collected 55 gold pieces.

Inventory:

Hand Weapons
 a - a +0 war axe (weapon)
Missiles
 d - 3 throwing nets (quivered)
Armour
 b - a +0 leather armour
 c - a +0 helmet (worn)
 f - a +0 pair of boots (worn)
 k - a +0 buckler
 m - a +0 ring mail (worn)
 n - a +0 scale mail
Scrolls
 g - a scroll of enchant armour {unknown}
 h - 4 scrolls of identify {unknown}
 i - a scroll of vulnerability {unknown}
 l - 2 scrolls of magic mapping {unknown}
Potions
 e - a potion of flight {unknown}
 j - a potion of curing {unknown}
 o - a potion of heal wounds {unknown}


   Skills:
 + Level 2.9 Fighting
 * Level 6.5 Axes
 - Level 1.8 Throwing
 - Level 2.8 Dodging


You had 3 spell levels left.
You didn't know any spells.
Your spell library contained the following spells:

 Spells                   Type           Power      Damage    Failure   Level
 Corpse Rot               Necr/Air       N/A        N/A       77%         2
 Poisonous Vapours        Pois/Air       0%         N/A       77%         2


Dungeon Overview and Level Annotations

Branches:
Dungeon (3/15)

Altars:


Message History

You slash the gnoll! The gnoll hits you with a +0 whip. The gnoll misses you.
The gnoll hits you with a +0 whip.
You hit the gnoll but do no damage.
The gnoll is heavily wounded.
The gnoll barely misses you. The gnoll hits you but does no damage.
You closely miss the gnoll.
The gnoll is heavily wounded.
The gnoll hits you from afar with a +0 vampiric spear.
The gnoll hits you but does no damage.
You are too injured to fight recklessly!
You slash the gnoll!
You kill the gnoll!
The gnoll hits you from afar with a +0 vampiric spear.
The gnoll completely misses you.
You see here a +0 whip.
The gnoll closely misses you.
You see here a +0 flail.
You barely miss the gnoll. The gnoll hits you but does no damage.
The gnoll barely misses you.
You closely miss the gnoll.
The gnoll hits you with a +0 vampiric spear.
* * * LOW HITPOINT WARNING * * *
You closely miss the gnoll. The gnoll hits you but does no damage.
You hit the gnoll.
The gnoll is moderately wounded.
The gnoll hits you with a +0 vampiric spear.
* * * LOW HITPOINT WARNING * * *
The gnoll draws strength from your wounds!
You hit the gnoll.
The gnoll is heavily wounded.
The gnoll hits you but does no damage.
You closely miss the gnoll.
The gnoll is heavily wounded.
The gnoll hits you with a +0 vampiric spear.
* * * LOW HITPOINT WARNING * * *
The gnoll draws strength from your wounds!
You barely miss the gnoll.
The gnoll is moderately wounded.
The gnoll hits you with a +0 vampiric spear!
You die...

#.# #.....#
#.#..#.# ...
#.....# #.##.#.#
#.# #.....#
#.##.#.# #.....#
#......# #.....#
####.### #######
#.# ##### #.#
#####..)######.#
.......@)......#
####...g########
#.#.## # #. ..
###


You could see a gnoll.

Vanquished Creatures
  3 gnolls (D:3)
  2 adders
  A worm (D:2)
  5 orcs (D:3)
  6 ball pythons
  An endoplasm (D:1)
  A giant cockroach (D:2)
  4 goblins
  8 hobgoblins
  3 jackals (D:1)
  6 kobolds
  3 quokkas
  5 bats
  A frilled lizard (D:1)
  6 rats
55 creatures vanquished.

Vanquished Creatures (others)
  A fungus (D:2)
  A plant (D:2)
2 creatures vanquished.

Grand Total: 57 creatures vanquished

Notes
Turn   | Place    | Note
-------+----------+-------------------------------------------
     0 | D:1      | iamoutofideas the Hill Orc Gladiator began the quest for
                  | the Orb.
     0 | D:1      | Reached XP level 1. HP: 18/18 MP: 1/1
   261 | D:1      | Reached XP level 2. HP: 25/25 MP: 2/2
   524 | D:1      | Reached XP level 3. HP: 30/30 MP: 3/3
   907 | D:2      | Reached skill level 5 in Axes
  1226 | D:2      | Found a faded altar of an unknown god.
  1471 | D:3      | Reached XP level 4. HP: 37/37 MP: 4/4
  1490 | D:3      | Reached skill level 6 in Axes
  1701 | D:3      | Slain by a gnoll

Illustrated notes

Levels and vault maps discovered:
D:1:      grunt_arrival_crossed_arrows, layout_basic
D:2:      layout_rooms, shapermc_ecumenical_altar_acropolis
D:3:      layout_loops_cross, mainiacjoe_overflow_big_doors

Skill      XL: |  1  2  3  4 |
---------------+-------------+-----
Axes           | 5 6 |  6.5
Fighting       | |  2.9
Throwing       | |  1.8
Dodging        | |  2.8

Action                   |  1- 3 |  4- 6 || total
-------------------------+-------+-------++-------
Melee: War axe           |    84 |    38 ||   122
 Stab: Sleeping          |     1 |       ||     1
Armor: Leather armour    |    36 |     7 ||    43
       Ring mail         |       |     7 ||     7
Dodge: Dodged            |    64 |    33 ||    97

Table legend: (Time is in decaauts)
 A = Elapsed time spent in this place.
 B = Non-inter-level travel time spent in this place.
 C = Inter-level travel time spent in this place.
 D = Time resting spent in this place.
 E = Time spent auto-exploring this place.
 F = Levels seen in this place.
 G = Mean time per level.
                   A        B        C        D        E       F      G
               +--------+--------+--------+--------+--------+-----+--------+
         Total |   1730 |   1661 |     69 |    169 |   1144 |   3 |  576.7 |
       Dungeon |   1730 |   1661 |     69 |    169 |   1144 |   3 |  576.7 |
               +--------+--------+--------+--------+--------+-----+--------+

Top non-repeatable levels by time:
     D:1: 902 daAuts
     D:2: 587 daAuts
     D:3: 240 daAuts
